 Dungeon Crawl Stone Soup version 0.19.5 (console) character file.

16232 itsmu the Tainter (level 12, -1/92 HPs)
             Began as a Demonspawn Venom Mage on Mar 9, 2017.
             Was a Priest of Kikubaaqudgha.
             Slain by tof's ghost (3 damage)
             ... on level 12 of the Dungeon.
             The game lasted 01:06:18 (19794 turns).

itsmu the Tainter (Demonspawn Venom Mage)          Turns: 19794, Time: 01:06:19

Health: -1/92      AC:  4    Str:  9    XL:     12   Next: 8%
Magic:  5/18       EV: 11    Int: 22    God:    Kikubaaqudgha [***...]
Gold:   742        SH:  0    Dex: 13    Spells: 7 memorised, 2 levels left

rFire  + . .     SeeInvis .       - Unarmed
rCold  + . .     Gourm    +     m - +0 robe {rC+ rF+}
rNeg   . . .     Faith    .     (no shield)
rPois  .         Spirit   .     (no helmet)
rElec  .         Reflect  .     s - +1 cloak
rCorr  .         Harm     .     (gloves unavailable)
MR     .....                    (no boots)
Stlth  ++........               G - amulet of the gourmand
                                (no ring)
                                (no ring)

@: confusing touch (expiring), heavily drained
A: claws 3, foul stench 2, nightstalker 1, rot immunity
a: Receive Corpses, Renounce Religion


You were on level 12 of the Dungeon.
You worshipped Kikubaaqudgha.
Kikubaaqudgha was most pleased with you.
You were very full.

You visited 3 branches of the dungeon, and saw 16 of its levels.

You collected 742 gold pieces.

Inventory:

Missiles
 z - 4 javelins of penetration (quivered)
Armour
 k - a +1 ring mail of cold resistance
   (You found it on level 10 of the Dungeon)
 m - a +0 robe of resistance (worn)
   (You took it off Sigmund on level 5 of the Dungeon)
 s - a +1 cloak (worn)
   (You found it on level 3 of the Dungeon)
Jewellery
 a - a cursed amulet of inaccuracy {unknown}
   (You found it on level 6 of the Dungeon)
 i - an uncursed amulet of faith
   (You found it on level 1 of the Dungeon)
 G - an amulet of the gourmand (around neck)
   (You found it on level 6 of the Dungeon)
Wands
 d - a wand of lightning (7/15)
   (You found it on level 7 of the Dungeon)
 g - a wand of disintegration (14/24)
   (You found it on level 5 of the Dungeon)
 t - a wand of teleportation (4/9)
   (You found it on level 13 of the Dungeon)
 w - a wand of polymorph (10/24)
   (You found it on level 4 of the Dungeon)
 x - a wand of paralysis (8/24)
   (You took it off an orc wizard on level 14 of the Dungeon)
 D - a wand of lightning (6/15)
   (You found it on level 9 of the Dungeon)
 E - a wand of slowing (22/48)
   (You found it on level 6 of the Dungeon)
Scrolls
 e - 3 scrolls of teleportation
 f - 2 scrolls of enchant armour
 h - a scroll of immolation
 j - 3 scrolls of remove curse
 l - a scroll of random uselessness {unknown}
 n - a scroll of magic mapping
 o - a scroll of noise {unknown}
 p - a scroll of amnesia {unknown}
Potions
 F - a potion of beneficial mutation {unknown}
Books
 b - a Young Poisoner's Handbook

   Spells                             Type                      Level
   a - Sting                          Conjuration/Poison           1
   b - Mephitic Cloud                 Conjuration/Poison/Air       3
   c - Olgreb's Toxic Radiance        Poison                       4
   d - Alistair's Intoxication        Transmutation/Poison         5
   e - Venom Bolt                     Conjuration/Poison           5
 q - a book of Misfortune
   (You found it on level 3 of the Dungeon)

   Spells                             Type                      Level
   a - Confusing Touch                Hexes                        1
   b - Confuse                        Hexes                        3
   c - Gell's Gravitas                Hexes/Translocation          3
   d - Petrify                        Transmutation/Earth          4
   e - Metabolic Englaciation         Hexes/Ice                    5
   f - Yara's Violent Unravelling     Hexes/Transmutation          5
 v - a book of Cantrips
   (You found it on level 4 of the Dungeon)

   Spells                             Type                      Level
   a - Confusing Touch                Hexes                        1
   b - Animate Skeleton               Necromancy                   1
   c - Summon Small Mammal            Summoning                    1
   d - Apportation                    Translocation                1
 y - Kikubaaqudgha's Grimoire of Unholy Secrets
   (Kikubaaqudgha gifted it to you on level 5 of the Dungeon)

   Spells                             Type                      Level
   a - Pain                           Necromancy                   1
   b - Corpse Rot                     Necromancy                   2
   c - Sublimation of Blood           Necromancy                   2
   d - Regeneration                   Charms/Necromancy            3
   e - Control Undead                 Necromancy                   4
 I - Kikubaaqudgha's Incunabulum of Stolen Souls
   (Kikubaaqudgha gifted it to you on level 9 of the Dungeon)

   Spells                             Type                      Level
   a - Animate Dead                   Necromancy                   4
   b - Agony                          Necromancy                   5
   c - Dispel Undead                  Necromancy                   5
   d - Simulacrum                     Ice/Necromancy               6
   e - Death Channel                  Necromancy                   6
Comestibles
 c - 6 bread rations
 u - 3 meat rations
 C - 9 royal jellies
 H - 2 beef jerkies


   Skills:
 * Level 7.7(5.2) Fighting
 + Level 5.2(2.9) Armour
 - Level 1.7(0.0) Dodging
 - Level 1.7(0.0) Stealth
 * Level 9.2(6.6) Unarmed Combat
 - Level 4.3(2.1) Spellcasting
 - Level 6.0(3.6) Conjurations
 - Level 5.0(2.7) Hexes
 + Level 5.3(2.9) Necromancy
 - Level 4.0(1.7) Air Magic
 + Level 9.5(6.9) Poison Magic


You had 2 spell levels left.
You knew the following spells:

 Your Spells              Type           Power        Failure   Level  Hunger
a - Sting                 Conj/Pois      ####         1%          1    #......
b - Mephitic Cloud        Conj/Pois/Air  ###.....     10%         3    ###....
c - Olgreb's Toxic Radia  Pois           ####....     12%         4    #####..
d - Animate Dead          Necr           N/A          38%         4    #####..
C - Confusing Touch       Hex            ##....       6%          1    #......
K - Animate Skeleton      Necr           N/A          4%          1    #......
R - Regeneration          Chrm/Necr      #.........   21%         3    ###....


Dungeon Overview and Level Annotations

Branches:
Dungeon (14/15)            Temple (1/1) D:7            Lair (2/6) D:8
  Swamp: Lair:2-4    Shoals: Lair:2-4     Snake: Lair:2-4    Spider: Lair:2-4
    Orc: D:9-12      Vaults: D:13-14

Altars:
Ashenzari
Cheibriados
Dithmenos
Elyvilon
Fedhas
Gozag
Hepliaklqana
Kikubaaqudgha
Makhleb
Nemelex Xobeh
Okawaru
Qazlal
Ru
Sif Muna
Trog
Uskayaw
Vehumet
Xom
Yredelemnul
Zin
The Shining One

Shops:
D:12 %

Annotations:
D:8 apport artefact later
D:12 tof's ghost, journeyman MiBe
D:13 Josephine


Innate Abilities, Weirdness & Mutations

You have claws for hands.
You frequently emit foul miasma when damaged in melee.
You are slightly more attuned to the shadows.
You are immune to rotting.


Message History

Your hill giant skeleton is destroyed!
Casting: Confusing Touch
Confirm with . or Enter, or press ? or * to list all spells.
Your claws begin to glow red.
Casting: Confusing Touch
Confirm with . or Enter, or press ? or * to list all spells.
Your claws begin to glow brighter.
You barely miss tof's ghost.
Tof's ghost is moderately damaged.
Tof's ghost hits you!
* * * LOW HITPOINT WARNING * * *
You feel drained.
* * * LOW HITPOINT WARNING * * *
You barely miss tof's ghost. Your claw misses tof's ghost.
Tof's ghost is moderately damaged.
Tof's ghost hits you!
* * * LOW HITPOINT WARNING * * *
You feel drained.
You die...
Kikubaaqudgha rasps: "You have failed me!
Welcome... death!"

.. .... #.# #### #.# #.# #.#
###################.############
...............>..)....(.......#
.##############W###.##########.##
...........()...M..(##########..#
..#........####.##...........%...
...........# #.##.############.#
#.##.......# #.##(#####...###...
#.###......# #..............'...
#.# #.###### ########.#...###...
#.# #. #.##### #... #.# # #.#
#... #.# #.# #...


You could see tof's ghost.

Vanquished Creatures
  A centaur warrior (D:13)
  3 unseen horrors
  3 hill giants
  Pikel (D:6)
  A deep elf mage (D:12)
  A manticore (D:13)
  An ugly thing (D:12)
  A cyclops (D:13)
  A centaur zombie (D:10)
  A rime drake (Lair:1)
  A troll (D:13)
  A wolf spider simulacrum (D:13)
  A hornet (D:13)
  3 hippogriffs
  A shadow (D:13)
  Sigmund (D:5)
  Eustachio (D:3)
  2 yaks (Lair:1)
  2 hungry ghosts
  A mottled dragon (D:13)
  Edmund (D:5)
  A soldier ant (D:13)
  3 sky beasts
  4 porcupines (Lair:1)
  6 water moccasins
  2 phantoms
  2 ice beasts
  3 slaves (D:6)
  A black bear (D:8)
  3 orc warriors
  A necrophage (D:6)
  5 wolves (Lair:1)
  10 centaurs
  3 ogres
  3 crocodiles
  A big kobold (D:8)
  13 bullfrogs
  8 scorpions
  12 killer bees
  A wight (D:14)
  2 howler monkeys
  A bullfrog zombie (D:13)
  7 crimson imps
  A quasit (D:8)
  A bullfrog skeleton (D:10)
  7 jellies
  4 orc priests
  9 hounds
  An iguana (D:13)
  7 orc wizards
  10 worker ants
  A hound zombie (D:6)
  A hound skeleton (D:6)
  A worker ant zombie (D:8)
  12 gnolls
  2 howler monkey skeletons (D:7)
  5 adders
  5 shadow imps
  8 oozes
  An adder skeleton (D:9)
  6 worms
  3 dart slugs
  9 leopard geckos
  33 orcs
  A ball python (D:5)
  10 giant cockroaches
  5 goblins
  7 hobgoblins
  6 jackals
  7 quokkas
  15 bats
  6 frilled lizards
  13 kobolds
  7 rats
325 creatures vanquished.

Vanquished Creatures (collateral kills)
  2 yaks (Lair:1)
  A water moccasin (Lair:1)
  A necrophage (D:13)
  A killer bee (D:9)
  4 wights (D:9)
  A hound (Lair:1)
  A jelly (D:9)
11 creatures vanquished.

Vanquished Creatures (others)
  5 fungi (Lair:1)
  4 plants (Lair:1)
9 creatures vanquished.

Grand Total: 345 creatures vanquished

Notes
Turn   | Place    | Note
-------+----------+-------------------------------------------
     0 | D:1      | itsmu the Demonspawn Venom Mage began the quest for the Orb.
     0 | D:1      | Reached XP level 1. HP: 13/13 MP: 3/3
   512 | D:1      | Gained mutation: You have sharp fingernails. [demonic ancestry]
   512 | D:1      | Reached XP level 2. HP: 19/19 MP: 3/5
   760 | D:1      | Reached skill level 1 in Conjurations
  1795 | D:1      | Gained mutation: You have very sharp fingernails. [demonic ancestry]
  1795 | D:1      | Reached XP level 3. HP: 24/24 MP: 3/6
  2017 | D:2      | Reached skill level 1 in Unarmed Combat
  2078 | D:2      | Learned a level 3 spell: Mephitic Cloud
  2877 | D:3      | Gained mutation: You are immune to rotting. [demonic ancestry]
  2877 | D:3      | Reached XP level 4. HP: 30/30 MP: 3/7
  2931 | D:3      | Found a sacrificial altar of Ru.
  3211 | D:3      | Found a burning altar of Makhleb.
  3479 | D:3      | Reached skill level 5 in Poison Magic
  4016 | D:4      | Found a bloodstained altar of Trog.
  4020 | D:4      | Noticed a sky beast
  4027 | D:3      | Gained mutation: You have claws for hands. [demonic ancestry]
  4027 | D:3      | Reached XP level 5. HP: 32/35 MP: 1/8
  4288 | D:3      | Learned a level 4 spell: Olgreb's Toxic Radiance
  4479 | D:3      | Learned a level 1 spell: Confusing Touch
  4512 | D:4      | Noticed Eustachio
  4588 | D:3      | Reached XP level 6. HP: 28/41 MP: 1/10
  4628 | D:3      | Killed Eustachio
  5446 | D:3      | Killed a sky beast
  5446 | D:3      | Gained mutation: You may emit foul miasma when damaged in melee. [demonic ancestry]
  5446 | D:3      | Reached XP level 7. HP: 46/46 MP: 0/13
  6315 | D:5      | Entered Level 5 of the Dungeon
  6738 | D:5      | Reached XP level 8. HP: 52/52 MP: 9/14
  7287 | D:5      | You fall through a shaft for 2 floors!
  7487 | D:7      | Found a staircase to the Ecumenical Temple.
  7572 | Temple   | Entered the Ecumenical Temple
  7794 | Temple   | Became a worshipper of Kikubaaqudgha
  7859 | D:7      | Reached skill level 1 in Hexes
  7859 | D:7      | Reached skill level 1 in Air Magic
  8109 | D:6      | Reached skill level 5 in Unarmed Combat
  8312 | D:6      | Reached skill level 5 in Conjurations
  8554 | D:6      | Noticed Pikel
  8564 | D:6      | Reached XP level 9. HP: 45/57 MP: 3/15
  8758 | D:5      | Noticed Sigmund
  8767 | D:5      | Killed Sigmund
  8879 | D:5      | Noticed Edmund
  8896 | D:5      | Killed Edmund
  9008 | D:5      | Reached * piety under Kikubaaqudgha
  9008 | D:5      | Identified Kikubaaqudgha's Grimoire of Unholy Secrets (Kikubaaqudgha gifted it to you on level 5 of the Dungeon)
  9008 | D:5      | Received a gift from Kikubaaqudgha
  9065 | D:5      | Found an iron altar of Okawaru.
  9375 | D:6      | Killed Pikel
 10400 | D:8      | Found a shadowy altar of Dithmenos.
 10877 | D:8      | Reached skill level 1 in Armour
 11060 | D:8      | Reached skill level 1 in Fighting
 11197 | D:8      | Gained mutation: You frequently emit foul miasma when damaged in melee. [demonic ancestry]
 11197 | D:8      | Reached XP level 10. HP: 40/66 MP: 11/16
 11370 | D:8      | Found a staircase to the Lair.
 11555 | D:8      | Reached ** piety under Kikubaaqudgha
 11830 | D:8      | Found a shimmering altar of Xom.
 12228 | D:9      | Found a glowing golden altar of the Shining One.
 12240 | D:9      | Found a snail-covered altar of Cheibriados.
 12282 | D:9      | Reached skill level 1 in Necromancy
 12640 | D:8      | Learned a level 1 spell: Animate Skeleton
 12756 | D:9      | Found an opulent altar of Gozag.
 13179 | Lair:1   | Entered Level 1 of the Lair of Beasts
 13574 | Lair:1   | Reached skill level 5 in Hexes
 14374 | Lair:1   | Noticed a six-headed hydra
 14376 | Lair:1   | Noticed a spiny frog
 14392 | Lair:1   | Noticed a spiny frog
 14563 | Lair:1   | Learned a level 3 spell: Regeneration
 14973 | D:9      | Reached *** piety under Kikubaaqudgha
 14973 | D:9      | Identified Kikubaaqudgha's Incunabulum of Stolen Souls (Kikubaaqudgha gifted it to you on level 9 of the Dungeon)
 14973 | D:9      | Received a gift from Kikubaaqudgha
 14999 | D:9      | Learned a level 4 spell: Animate Dead
 15135 | D:9      | Reached XP level 11. HP: 73/78 MP: 14/17
 15253 | D:9      | Found a stormy altar of Qazlal.
 15253 | D:9      | Found a glowing silver altar of Zin.
 15531 | D:10     | Entered Level 10 of the Dungeon
 15595 | D:10     | HP: 2/78 [something (2)]
 15596 | D:10     | erm.
 15597 | D:10     | Killed an unseen horror
 15597 | D:10     | Reached skill level 5 in Fighting
 15597 | D:10     | Killed an unseen horror
 15974 | D:10     | You fall through a shaft for 3 floors!
 15975 | D:13     | really
 15992 | D:12     | Noticed tof's ghost (journeyman MiBe)
 16242 | D:12     | Noticed a purple ugly thing
 16271 | D:12     | Killed a purple ugly thing
 16473 | D:13     | Noticed a hill giant
 16552 | D:13     | Killed a hill giant
 16941 | D:13     | Noticed a hill giant
 16959 | D:13     | Killed a hill giant
 17072 | D:13     | Noticed a centaur warrior
 17081 | D:13     | Reached **** piety under Kikubaaqudgha
 17101 | D:13     | Killed a centaur warrior
 17983 | D:13     | Got a transparent scale mail
 18008 | D:13     | Identified the +3 scale mail "Fiaqiegai" {-Tele +Fly Str+6 SInv} (You took it off an orc warrior on level 13 of the Dungeon)
 18178 | D:13     | Reached skill level 5 in Armour
 18310 | D:13     | Noticed Josephine
 18322 | D:13     | Reached skill level 5 in Necromancy
 18357 | D:13     | Noticed a deep elf mage
 18716 | D:14     | Killed an unseen horror
 19436 | D:12     | Noticed a deep elf mage
 19442 | D:12     | Killed a deep elf mage
 19442 | D:12     | Gained mutation: You are slightly more attuned to the shadows. [demonic ancestry]
 19442 | D:12     | Reached XP level 12. HP: 87/91 MP: 12/18
 19707 | D:12     | Found Mashrabb's Food Boutique.
 19794 | D:12     | HP: 2/92 [tof's ghost (11)]
 19794 | D:12     | Slain by tof's ghost

Skill      XL: |  1  2  3  4  5  6  7  8  9 10 11 |
---------------+----------------------------------+-----
Conjurations   | 1 2 4 5 6 |  6.0
Unarmed Combat | 1 2 3 4 5 6 7 9 |  9.2
Poison Magic   | 5 6 7 8 9 |  9.5
Spellcasting   | 3 4 |  4.3
Hexes          | 2 4 5 |  5.0
Air Magic      | 2 4 |  4.0
Armour         | 1 3 5 |  5.2
Fighting       | 1 4 7 |  7.7
Necromancy     | 3 5 |  5.3
Dodging        | |  1.7
Stealth        | |  1.7

Action                   |  1- 3 |  4- 6 |  7- 9 | 10-12 || total
-------------------------+-------+-------+-------+-------++-------
Melee: Unarmed           |    38 |    56 |   338 |   361 ||   793
       Punch             |       |     1 |     7 |    10 ||    18
Throw: Javelin           |    17 |    14 |     7 |     7 ||    45
       Stone             |     3 |     1 |       |       ||     4
 Cast: Sting             |    90 |    43 |    74 |    23 ||   230
       Mephitic Cloud    |       |     8 |     2 |     2 ||    12
       Olgreb's Toxic Ra |       |    12 |    52 |    76 ||   140
       Confusing Touch   |       |     4 |    33 |    89 ||   126
       Animate Skeleton  |       |       |       |    26 ||    26
       Regeneration      |       |       |       |     9 ||     9
       Animate Dead      |       |       |       |     7 ||     7
Invok: Receive Corpses   |       |       |       |     4 ||     4
Evoke: Wand              |       |       |       |     4 ||     4
  Use: Scroll            |       |     6 |    10 |     7 ||    23
       Potion            |       |     1 |     2 |    17 ||    20
 Stab: Confused          |       |     2 |    15 |    16 ||    33
       Sleeping          |       |     1 |     2 |       ||     3
       Distracted        |       |       |       |     2 ||     2
       Invisible         |       |       |       |     1 ||     1
  Eat: Chunk             |     7 |    11 |    34 |    50 ||   102
       Beef jerky        |       |       |     1 |     1 ||     2
       Royal jelly       |       |       |     1 |     1 ||     2
       Meat ration       |       |       |       |     1 ||     1
       Fruit             |       |       |       |     1 ||     1
Armor: Robe              |    18 |    19 |    77 |    57 ||   171
       Skin              |       |       |       |     6 ||     6
Dodge: Dodged            |    49 |    75 |   184 |   176 ||   484
